 Dungeon Crawl Stone Soup version 0.26-a0-652-gafc20e3620 (webtiles) character file.

Game seed: 11071092361766378318

664 Ezendos the Skirmisher (level 7, -2/72 HPs)
             Began as an Ogre Transmuter on Oct 4, 2020.
             Was a Believer of Ru.
             Slain by a troll (10 damage)
             ... on level 5 of the Dungeon.
             The game lasted 00:19:19 (6560 turns).

Ezendos the Skirmisher (Ogre Transmuter)            Turns: 6560, Time: 00:19:20

Health: -2/72      AC:  3    Str: 15    XL:     7   Next: 57%
Magic:  10/11      EV: 10    Int: 16    God:    Ru [**....]
Gold:   369        SH:  0    Dex:  9    Spells: 5/12 levels left

rFire    + . .     SeeInvis .     - Unarmed
rCold    . . .     Faith    .   (no shield)
rNeg     . . .     Spirit   .   o - +0 robe {rF+}
rPois    .         Reflect  .   (helmet currently unavailable)
rElec    .         Harm     .   m - scarf {repulsion}
rCorr    +         Rampage  .   (gloves unavailable)
MR       .....                  (boots unavailable)
Stlth    +.........             (no amulet)
HPRegen  0.22/turn              s - ring of resist corrosion
MPRegen  0.12/turn              (no ring)

@: mighty, appendages, repel missiles
A: large, unfitting armour, horns 2, talons 2, tough skin 1, unskilled 1
a: End Transformation, Renounce Religion


You were on level 5 of the Dungeon.
You worshipped Ru.
Ru was pleased with you.
You had grown temporary horns.
You had grown temporary talons.
You visited 2 branches of the dungeon, and saw 7 of its levels.

You collected 369 gold pieces.

Inventory:

Missiles
 e - 8 sling bullets
 i - 92 stones (quivered)
Armour
 m - a scarf of repulsion (worn)
 o - a +0 robe of fire resistance (worn)
Jewellery
 s - a ring of resist corrosion (left hand)
Scrolls
 c - a scroll of noise {unknown}
 d - 2 scrolls of enchant armour
 g - 2 scrolls of remove curse
 j - a scroll of blinking {unknown}
 n - a scroll of teleportation
 r - a scroll of fog {unknown}
 v - a scroll of amnesia {unknown}
Potions
 a - a potion of stabbing {unknown}
 b - a potion of lignification {unknown}
 f - a potion of ambrosia {unknown}
 h - a potion of haste
 k - a potion of heal wounds
 p - a potion of resistance {unknown}
 t - a potion of invisibility {unknown}
 u - a potion of curing {unknown}


   Skills:
 + Level 5.1 Fighting
 - Level 2.0 Dodging
 + Level 4.5 Unarmed Combat
 - Level 3.0 Spellcasting
 - Level 3.0 Transmutations
 + Level 1.9 Ice Magic


You had 5 spell levels left.
You knew the following spells:

 Your Spells              Type           Power        Failure   Level
a - Beastly Appendage     Tmut           ##....       5%          1
b - Wereblood             Tmut           ##......     9%          2
c - Ice Form              Ice/Tmut       ##......     56%         4

Your spell library contained the following spells:

 Spells                   Type           Power        Failure   Level
 Spider Form              Tmut/Pois      #.........   30%         3
 Blade Hands              Tmut           ##........   83%         5


Dungeon Overview and Level Annotations

Branches:
Dungeon (6/15)             Temple (1/1) D:4

Altars:
Dithmenos
Fedhas
Gozag
Makhleb
Nemelex Xobeh
Ru
Trog
Vehumet
Xom
Yredelemnul
Zin
The Shining One
Jiyva

Annotations:
D:2 exclusion: adder
D:4 exclusion: oklob plant


Innate Abilities, Weirdness & Mutations

You are too large for most types of armour.
You have tough skin. (AC +1)
You are somewhat unskilled. (-1 Apt)
You have a pair of horns on your head.
You have razor-sharp toenails.


Message History

You hit the troll. Your kick misses the troll. You punch the troll!
The troll is severely wounded.
You closely miss the troll.
The troll is severely wounded.
The troll bites you. The troll claws you! The troll claws you.
You hit the troll. Your kick misses the troll.
The troll is severely wounded.
The troll bites you!
* * * LOW HITPOINT WARNING * * *
The troll claws you!
* * * LOW HITPOINT WARNING * * *
The troll closely misses you.
You hit the troll.
The troll is almost dead.
The troll completely misses you. The troll barely misses you.
The troll misses you.
You closely miss the troll.
The troll is almost dead.
The troll bites you!
You die...

## ###.# ####....##
.........###
...#.....#.#####
#.###...........
...#...........)#
._....##.......T###
...#.........#..@.##
#.###...###........#######
...#...#.##..##......##..##
............# ##..........#
.##........## ##........##
.##.........## #.......###
.#..<........###.......##
........................#
..........##....###.#...##


You could see a troll.

Vanquished Creatures
  A black bear (D:4)
  3 iron imps (D:4)
  A jelly (D:5)
  An orc priest (D:4)
  2 orc wizards (D:3)
  2 centaur skeletons
  An iguana (D:4)
  5 worker ants
  2 hound skeletons
  3 adders
  A shadow imp (D:5)
  A worm (D:2)
  6 dart slugs
  A leopard gecko (D:2)
  14 orcs
  A ball python (D:2)
  10 bats
  5 giant cockroaches
  4 goblins
  11 hobgoblins
  3 kobolds (D:2)
  6 frilled lizards
  A leopard gecko zombie (D:5)
  A quokka skeleton (D:5)
  8 rats
94 creatures vanquished.

Vanquished Creatures (others)
  A worker ant (D:4)
1 creature vanquished.

Grand Total: 95 creatures vanquished

Notes
Turn   | Place    | Note
-------+----------+-------------------------------------------
     0 | D:1      | Ezendos the Ogre Transmuter began the quest for the Orb.
     0 | D:1      | Reached XP level 1. HP: 19/19 MP: 3/3
   103 | D:1      | Reached skill level 2 in Fighting
   219 | D:1      | Reached XP level 2. HP: 24/29 MP: 3/5
   223 | D:1      | Learned a level 2 spell: Wereblood
   364 | D:1      | Reached skill level 3 in Fighting
   709 | D:1      | Reached XP level 3. HP: 29/37 MP: 4/6
  1322 | D:2      | Found a sacrificial altar of Ru.
  1359 | D:2      | Became a worshipper of Ru the Awakened
  1557 | D:2      | Found an opulent altar of Gozag.
  1844 | D:2      | Found a basalt altar of Yredelemnul.
  2160 | D:3      | Reached XP level 4. HP: 48/48 MP: 8/8
  2526 | D:3      | Reached skill level 4 in Fighting
  2857 | D:3      | Reached XP level 5. HP: 54/54 MP: 9/9
  2877 | D:3      | Found a faded altar of an unknown god.
  2899 | D:3      | Found a sparkling altar of Nemelex Xobeh.
  2924 | D:3      | Found a shimmering altar of Xom.
  3497 | D:4      | Found a staircase to the Ecumenical Temple.
  3729 | D:4      | Gained mutation: You are somewhat unskilled. (-1 Apt) [Ru
                  | sacrifice]
  3729 | D:4      | Reduced skill Fighting to level 3
  3729 | D:4      | Reduced skill Dodging to level 1
  3729 | D:4      | Reached * piety under Ru
  3729 | D:4      | Reached ** piety under Ru
  3731 | D:4      | Found Pueviom's Antique Armour Emporium.
  3757 | Temple   | Entered the Ecumenical Temple
  3918 | D:4      | Reached XP level 6. HP: 61/62 MP: 8/10
  3937 | D:4      | Learned a level 4 spell: Ice Form
  3943 | D:4      | Noticed a black bear
  4143 | D:4      | Reached skill level 4 in Fighting
  4155 | D:4      | Found a burning altar of Makhleb.
  4249 | D:5      | Entered Level 5 of the Dungeon
  4442 | D:5      | You fall into a shaft and drop 1 floor!
  4442 | D:6      | Found a shimmering altar of Xom.
  5087 | D:4      | Found a shadowy altar of Dithmenos.
  5126 | D:4      | Killed a black bear
  5126 | D:4      | Reached skill level 1 in Ice Magic
  5126 | D:4      | Reached XP level 7. HP: 29/71 MP: 11/11
  5474 | D:4      | Found a blossoming altar of Fedhas.
  5485 | D:4      | Noticed an oklob plant
  5702 | D:4      | Found a glowing silver altar of Zin.
  5931 | D:4      | Reached skill level 5 in Fighting
  6408 | D:5      | Found a radiant altar of Vehumet.
  6552 | D:5      | Noticed a troll
  6560 | D:5      | Slain by a troll

Illustrated notes

Levels and vault maps discovered:
D:1:      tarquinn_simple_flora_water_c, layout_loops_ring, glass_columns_a
D:2:      layout_loops_ring, nicolae_overflow_hidden_temple,
          nicolae_ru_sacrificial_ziggurat, lemuel_coloured_pillars_altar
D:3:      layout_loops_ring, nicolae_overflow_crystal_walls,
          overflow_temple_1_default, chequers_ecumenical_altar_twisty
D:4:      layout_basic, demons_altar, marbit_many_paths, tgw_fedhas,
          grunt_dithmenos_smoke, minmay_temple_entry_proselytizer, serial_shops,
          shop_coins
D:5:      layout_cave_pools, vehumet_crystals
D:6:      minmay_cornered_nines, layout_basic, basic_altar
Temple:   pf_slimified_temple

Skill      XL: |  1  2  3  4  5  6  7 |
---------------+----------------------+-----
Fighting       | 2 3 4 3 4 5 |  5.1
Transmutations | 2 2 3 |  3.0
Dodging        | 2 2 |  2.0
Spellcasting   | 3 2 3 |  3.0
Unarmed Combat | 3 4 |  4.5
Ice Magic      | 1 |  1.9

Action                   |  1- 3 |  4- 6 |  7- 9 || total
-------------------------+-------+-------+-------++-------
Melee: Dagger            |   139 |    58 |       ||   197
       Kick              |    33 |    25 |    10 ||    68
       Headbutt          |    13 |    27 |     6 ||    46
       Unarmed           |     1 |   128 |    55 ||   184
       Punch             |       |       |     1 ||     1
Throw: Stone             |       |     1 |       ||     1
 Cast: Beastly Appendage |    25 |    20 |     5 ||    50
       Wereblood         |       |     4 |     1 ||     5
Invok: Sacrifice Skill   |       |     1 |       ||     1
  Use: Scroll            |     4 |     2 |     1 ||     7
       Potion            |       |     1 |     2 ||     3
Armor: Robe              |    73 |    57 |     3 ||   133
Dodge: Dodged            |    84 |   121 |    24 ||   229

Table legend: (Time is in decaauts)
 A = Elapsed time spent in this place.
 B = Non-inter-level travel time spent in this place.
 C = Inter-level travel time spent in this place.
 D = Time resting spent in this place.
 E = Time spent auto-exploring this place.
 F = Levels seen in this place.
 G = Mean time per level.
                   A        B        C        D        E       F      G
               +--------+--------+--------+--------+--------+-----+--------+
         Total |   6560 |   6337 |    223 |   1273 |   2934 |   7 |  937.1 |
       Dungeon |   6489 |   6266 |    223 |   1204 |   2934 |   6 | 1081.5 |
        Temple |     70 |     70 |      0 |     69 |      0 |   1 |   70.0 |
               +--------+--------+--------+--------+--------+-----+--------+

Top non-repeatable levels by time:
     D:4: 1965 daAuts
     D:3: 1647 daAuts
     D:2: 1206 daAuts
     D:1: 979 daAuts
     D:5: 533 daAuts
     D:6: 157 daAuts
  Temple: 70 daAuts
